AoeStats
← 17_Neo_

Arabia

507962450Analyzed
1v1 RM · 12d ago on Sep 20, 2026· 31m 5s· 2 players
Game mode
Random Map
Map size
Tiny (2 player)
Population
200
Speed
Normal
Resources
Standard
Victory
Conquest
Starting age
Dark Age
Ending age
Imperial Age
RankedLock teamsTeams togetherTeam positionsShared explorationLock speedFull tech treeHidden civsTurbo modeCheats
Victory
Defeat
🇧🇷 Berbers · Brazil
1700
+15
🇨🇴 Lithuanians · Colombia
1676
-15
17_Neo_
7:20 Loom
12:29 Feudal Age
12:56 Double-Bit Axe
13:08 Horse Collar
15:54 Fletching
21:08 Castle Age
19:47 Gold Mining
21:46 Bodkin Arrow
21:57 Elite Skirmisher
22:44 Padded Archer Armor
24:24 Pikeman
26:39 Ballistics
27:58 Town Watch
F4T
5:49 Loom
6:00 Loom
9:05 Feudal Age
9:52 Double-Bit Axe
19:47 Castle Age
18:36 Horse Collar
18:55 Fletching
19:05 Gold Mining
19:57 Scale Barding Armor
20:06 Bloodlines
20:28 Bodkin Arrow
20:10 Crossbowman
25:56 Bloodlines
26:31 Scale Barding Armor
Connection lost

Rejoining the realm…

Still unreachable

The connection could not be restored.

Session expired

The server has moved on; the page needs a fresh start.